Map: Blackpink LE

Players

Bly - Winner!

  • Race: Zerg Zerg
  • Spawn Location: 1:00

Sittingbull

  • Race: Protoss Protoss
  • Spawn Location: 7:00

Event: WCS Leipzig 2018

VOD

Have the link to the VOD?

Description

Time

  • Played on: Jan. 26, 2018, 7:01 a.m.
  • Length: 2:29

All games in this series

Show
View Real Time Build Order
Export as new Build Order

Bly Zerg - Winner!

Build Orders: Pool First 

Get SALT Encoding   

  12  0:17  Spawning Pool  
  11  0:22  Drone  
  11  0:27  Drone  
  13  0:30  Drone  
  14  0:42  Overlord  
  14  1:04  Zergling x4  
  14  1:06  Zergling x2  
  17  1:16  Zergling x2  
  18  1:32  Zergling x2  
  19  1:34  Hatchery  
  19  1:37  Queen  
  19  1:39  Zergling x2  
  21  1:49  Overlord  
  21  2:05  Zergling x2  
  22  2:11  Zergling x2  
Show
View Real Time Build Order
Export as new Build Order

Sittingbull Protoss 

Build Orders:  

Get SALT Encoding   

  12  0:01  Probe  
  13  0:13  Probe  
  14  0:19  Pylon  
  14  0:34  Probe (Chrono Boost)  
  15  0:40  Gateway  
  15  0:45  Probe (Chrono Boost)  
  16  0:50  Probe (Chrono Boost)  
  17  0:57  Pylon  
  17  1:07  Gateway  
  17  1:11  Probe  
  17  1:16  Assimilator  
  18  1:25  Probe  
  19  1:29  Zealot (Chrono Boost)  
  20  1:37  Probe  
  20  1:39  Cybernetics Core  
  21  1:48  Pylon  
  21  1:49  Probe  
  22  1:57  Pylon  
  22  2:07  Pylon  
  22  2:18  Pylon  
Tags
 
Add a new tag
Caveats
  • Supply blocks, unpowered buildings, or Contaminate may cause inaccurate times.
  • Supply counts are checked every 10 seconds.